 Dungeon Crawl Stone Soup version 0.30.0-19-g36f170ea60 (webtiles) character file.

Game seed: 4259589835826095346

162623 MacCMillion the Tortoise (level 17, 0/164 HPs)
             Began as an Armataur Fighter on May 27, 2023.
             Was an Elder of Ru.
             Shot with a bolt by a naga sharpshooter (22 damage)
             ... led by Vashnia
             ... on level 4 of the Snake Pit on May 28, 2023.
             The game lasted 01:20:06 (31530 turns).

MacCMillion the Tortoise (Armataur Fighter)        Turns: 31530, Time: 01:20:06

Health: 0/164      AC: 21    Str: 42    XL:     17   Next: 22%
Magic:  17/17      EV: 11    Int: 13    God:    Ru [****..]
Gold:   2374       SH:  6    Dex:  9    Spells: 16/16 levels left

rFire   + . .        j - +11 morningstar "Orhaq" {heavy, Fragile Will+ Int+4}
rCold   + + +        q - +1 buckler {rC+}
rNeg    . . .        R - +5 scale mail of the Moon {Will+ Str+2}
rPois   +            P - +2 helmet {SInv}
rElec   +            c - scarf {rC+ rF+}
rCorr   .            k - +0 pair of gloves "Qaqiusme" {Drain rPois Regen+ Str+7}
SInv    +            (no barding)
Will    +++..        J - amulet of the Air {Inacc Air Fly rElec RMsl} Stlth
                     V - ring of Zyxe {rC+ Str+5}
HPRegen 1.27/turn    D - +4 ring of slaying
MPRegen 0.15/turn

%: repel missiles, roll
@: flying
A: large, rugged brown scales 3, clumsy 1, deformed body, no stealth, inability
to use devices, no air magic, no hexes magic, no necromancy magic, armoured
tail, roll, long tongue, awkward tongue
a: Renounce Religion, Draw Out Power, Power Leap


You were on level 4 of the Snake Pit.
You worshipped Ru.
Ru was greatly pleased with you.
You visited 5 branches of the dungeon, and saw 27 of its levels.
You also visited: Ice Cave and Volcano.

You collected 3836 gold pieces.
You spent 1462 gold pieces at shops.

Inventory:

Hand Weapons
 a - a +0 flail
 j - the +11 morningstar "Orhaq" (weapon) {heavy, Fragile Will+ Int+4}
   (You acquired it on level 9 of the Dungeon)

   Int:       It affects your intelligence (+4).
   Fragile:   It will be destroyed if unequipped.
   Will:      It increases your willpower.
Missiles
 u - 3 throwing nets (quivered)
 M - 4 javelins
 W - 13 boomerangs
 Z - 3 curare-tipped darts
Armour
 c - a scarf of resistance (worn)
 k - the +0 pair of gloves "Qaqiusme" (worn) {Drain rPois Regen+ Str+7}
   (You found it on level 2 of the Dungeon)

   Str:       It affects your strength (+7).
   rPois:     It protects you from poison.
   Regen:     It increases your rate of health regeneration.
   Drain:     It drains your maximum health when unequipped.
 q - a +1 buckler of cold resistance (worn)
 P - a +2 helmet of see invisible (worn)
 R - the +5 scale mail of the Moon (worn) {Will+ Str+2}
   (You found it on level 1 of the Lair of Beasts)

   Str:       It affects your strength (+2).
   Will:      It increases your willpower.
Jewellery
 t - a ring of flight
 w - the ring of Propriety {Will+ MP+9 Dex+2}
   (You bought it in a shop on level 4 of the Dungeon)

   [ring of magical power]

   Dex:       It affects your dexterity (+2).
   MP:        It affects your magic capacity (+9).
   Will:      It increases your willpower.
 x - a +5 ring of evasion
 y - a +6 ring of dexterity
 D - a +4 ring of slaying (right hand)
 F - the ring of Miracles {Str-4 Int+3 Dex+6 SInv}
   (You found it on level 6 of the Dungeon)

   [ring of dexterity]

   Str:       It affects your strength (-4).
   Int:       It affects your intelligence (+3).
   Dex:       It affects your dexterity (+6).
   SInv:      It lets you see invisible.
 I - a ring of protection from fire
 J - the amulet of the Air (around neck) {Inacc Air Fly rElec RMsl}
   (You found it on level 1 of the Lair of Beasts)

   [amulet of nothing]

   Inacc:     It reduces the accuracy of your attacks and spells.
   Air:       It enhances your air magic.
   rElec:     It insulates you from electricity.
   Fly:       It grants you flight.
   RMsl:      It protects you from missiles.
 K - a ring of fire
 Q - the amulet "Weku" {Acrobat Stlth+}
   (You found it on level 10 of the Dungeon)

   [amulet of the acrobat]

   It increases your evasion while moving and waiting.
   Stlth:     It makes you more stealthy.
 V - the ring of Zyxe (left hand) {rC+ Str+5}
   (You found it in an ice cave)

   [ring of protection from cold]

   Str:       It affects your strength (+5).
   rC:        It protects you from cold.
 Y - a ring of protection from fire
Scrolls
 b - 5 scrolls of vulnerability
 e - 3 scrolls of poison
 g - 2 scrolls of immolation
 i - 5 scrolls of fog
 l - 8 scrolls of fear
 n - 4 scrolls of identify
 r - 4 scrolls of teleportation
 s - a scroll of brand weapon
 v - a scroll of magic mapping
 z - a scroll of enchant armour
 B - 2 scrolls of torment
 O - 3 scrolls of blinking
 S - 2 scrolls of enchant weapon
 X - 2 scrolls of summoning
Potions
 d - 8 potions of might
 f - 6 potions of lignification
 h - 8 potions of heal wounds
 m - 4 potions of cancellation
 o - 8 potions of attraction
 p - a potion of resistance
 A - 6 potions of mutation
 C - 15 potions of curing
 E - 3 potions of berserk rage
 G - 3 potions of brilliance
 H - 5 potions of haste
 L - 2 potions of flight
 N - 3 potions of ambrosia
 T - 3 potions of magic
 U - 3 potions of invisibility


   Skills:
 + Level 14.9 Fighting
 - Level 16.0 Maces & Flails
 - Level 10.0 Throwing
 + Level 17.3 Armour
 - Level 9.0 Dodging
 + Level 7.0 Shields


You had 16 spell levels left.
You didn't know any spells.
Your spell library contained the following spells:

 Spells                   Type           Power      Damage    Failure   Level
 Magic Dart               Conj           0%         1d3       43%         1
 Call Imp                 Summ           0%         N/A       58%         2
 Call Canine Familiar     Summ           0%         N/A       82%         3
 Ignite Poison            Fire/Tmut/Pois 0%         N/A       82%         3
 Stone Arrow              Conj/Erth      0%         3d7       82%         3
 Iskenderun's Battlesphe  Conj           0%         2d6       100%        5
 Iron Shot                Conj/Erth      0%         9d1       100%        6
 Spellforged Servitor     Conj/Summ      0%         N/A       100%        7
 Kiss of Death            Conj/Necr      Unusable   2d5       N/A         1
 Necrotise                Necr           Unusable   1d4       N/A         1
 Cigotuvi's Dreadful Rot  Necr/Pois/Air  Unusable   N/A       N/A         2
 Confusing Touch          Hex            Unusable   N/A       N/A         3
 Dazzling Flash           Conj/Hex       Unusable   N/A       N/A         3
 Mephitic Cloud           Conj/Pois/Air  Unusable   N/A       N/A         3
 Portal Projectile        Hex/Tloc       Unusable   N/A       N/A         3
 Vampiric Draining        Necr           Unusable   2d6       N/A         3
 Dispel Undead            Necr           Unusable   3d6       N/A         4
 Leda's Liquefaction      Hex/Erth       Unusable   N/A       N/A         4
 Agony                    Necr           Unusable   N/A       N/A         5
 Freezing Cloud           Conj/Ice/Air   Unusable   6-21      N/A         5

Dungeon Overview and Level Annotations

Branches:
Dungeon (15/15)            Temple (1/1) D:7            Lair (5/5) D:11
 Shoals (0/4) Lair:2        Snake (4/4) Lair:2        Slime (0/5) Lair:4
    Orc (2/2) D:10            Elf (0/3) Orc:2        Vaults (0/5) D:13
 Depths (0/4) D:15          IceCv (visited)         Volcano (visited)

Altars:
Ashenzari
Cheibriados
Dithmenos
Elyvilon
Fedhas
Gozag
Hepliaklqana
Kikubaaqudgha
Makhleb
Nemelex Xobeh
Okawaru
Qazlal
Ru
Sif Muna
Trog
Uskayaw
Vehumet
Wu Jian
Xom
Yredelemnul
Zin
The Shining One
Jiyva
Lugonu

Shops:
D:4 *   D:6 !   D:9 *   Orc:2 :(![

Portals:
Abyss: Lair:5

Annotations:
D:3 1 runed translucent door, Crazy Yiuf
D:6 exclusion: moth of wrath
D:14 6 transporters
Snake:2 2 transporters, Xitaol's ghost, adept SpEn
Snake:3 2 transporters
Snake:4 Vashnia


Innate Abilities, Weirdness & Mutations

You are completely covered in rugged brown scales. (AC +3, +7% HP)
You are clumsy. (Dex -2)
Armour fits poorly on your strangely shaped body.
You cannot be stealthy.
You cannot study or use magical devices.
You cannot study or cast Air magic.
You cannot study or cast Hexes magic.
You cannot study or cast Necromancy magic.
You have a long armoured tail.
You roll when moving toward enemies. (Rampage)
Your long tongue fully drains potion bottles. (2x potion effects)
Your tongue gives you trouble enunciating. (1.5x scroll delay)


Message History

The naga warrior spits poison at you. You block the splash of poison.
You completely miss the naga warrior.
Your tail-slap misses the naga warrior.
The naga warrior is moderately wounded.
You feel sick. You block the naga warrior's attack. The naga warrior grabs you.
The naga warrior constricts you.
Vashnia is stunned by your conviction and fails to attack.
Vashnia unwields a +6 longbow of electrocution.
It stops crackling.
Vashnia wields a +4 halberd of freezing.
It glows with a cold blue light!
Vashnia hits you with a +4 halberd of freezing!
Vashnia freezes you.
You crush Vashnia like a grape!!!
Vashnia is moderately wounded.
You feel sick.
Vashnia is no longer blind.
The naga warrior loses its grip on you.
The naga sharpshooter casts a spell.
The naga sharpshooter magically shoots an arrow.
The arrow hits you!
Vashnia looks you over, as though planning her next attack.
Vashnia barely misses you. You block Vashnia's attack.
The naga sharpshooter shoots a bolt.
The bolt hits you!
You hammer Vashnia like a gong!!!
Vashnia is severely wounded.
You feel sick.
You are no longer poisoned.
You hear an angry hiss.
The naga sharpshooter shoots an arrow.
The arrow hits you!!
You focus your inner power and illuminate the naga sharpshooter in retribution!
Vashnia unwields a +4 halberd of freezing.
Vashnia wields a +6 longbow of electrocution.
You hear the crackle of electricity.
Vashnia shoots an arrow.
The arrow hits you!!
* * * LOW HITPOINT WARNING * * *
The naga warrior misses you. You block the naga warrior's attack.
The naga sharpshooter mumbles some strange words.
The naga sharpshooter magically shoots a bolt.
The bolt hits you!!
You die...

#..#.#..........#...#
...#......####.##...#
..##.......##..##...#
###..##....##.###...#
....................#
...##.#.........#...#
##.##.........#..#####
...#.........###N#...#
####.#..#.######@....#
.........[...[N[N.<..#
N#.....#####.)N########
.N.#...#####...# #...#
#............######...###
....[..N[...............#
......N################.##
#.....#####.....###......#
................)#.[##...#


You could see Vashnia (strong), a naga warrior (catching breath) and 2 naga
sharpshooters.

Vanquished Creatures
  2 quicksilver dragons
  4 nagarajas (Snake:4)
  Donald (Snake:3)
  An azure jelly (IceCv)
  Louise (D:14)
  Aizul (Snake:2)
  2 orc warlords
  A quicksilver ooze (IceCv)
  An entropy weaver (shapeshifter) (D:14)
  2 fire dragons
  Erolcha (Orc:2)
  3 hydras
  A salamander tyrant (Snake:3)
  5 ogre magi
  2 centaur warriors
  9 anacondas
  3 catoblepae
  8 death yaks
  3 boulder beetles
  6 two-headed ogres
  11 naga warriors
  A tengu warrior (D:15)
  13 naga sharpshooters
  Urug (Lair:3)
  5 shock serpents
  3 thrashing horrors (Lair:5)
  3 sun demons (Volcano)
  A skyshark (Lair:2)
  A salamander mystic (Snake:3)
  A swamp dragon (shapeshifter) (Lair:5)
  4 naga ritualists
  5 orc knights
  2 lindwurms
  A necromancer (D:15)
  6 deep elf pyromancers
  A cyclops (D:14)
  15 ugly things
  14 mana vipers
  4 salamanders
  10 orc sorcerers
  3 manticores
  21 elephants
  15 naga magi
  7 guardian serpents
  35 black mambas
  2 centaur zombies (D:15)
  15 cane toads
  2 centaur skeletons (D:15)
  2 ice statues (IceCv)
  2 smoke demons
  4 rime drakes
  2 kobold demonologists
  A gargoyle (D:12)
  2 efreet
  An unseen horror (D:12)
  A redback zombie (D:15)
  A yaktaur (shapeshifter) (D:10)
  11 komodo dragons
  A freezing wraith (D:14)
  3 ancient zymes (Lair:5)
  A troll (shapeshifter) (D:14)
  A large abomination (Lair:5)
  2 polar bears (Lair:5)
  2 meliai (D:14)
  2 queen bees (shapeshifter) (Lair:5)
  7 trolls
  Grinder (D:3)
  A wind drake (Lair:2)
  A hornet (D:7)
  31 blink frogs
  9 dream sheep
  10 slime creatures
  3 shadows
  4 wyverns
  4 wraiths
  33 yaks
  A ynoxinul (Lair:5)
  9 basilisks
  A chaos spawn (Lair:5)
  35 nagas
  3 steam dragons (Volcano)
  4 wargs
  3 acid dragons
  18 water moccasins
  2 hell hounds (Volcano)
  A swamp drake (Lair:1)
  20 orc warriors
  A black bear (D:4)
  7 ogres
  6 great orb of eyes simulacra (IceCv)
  6 wolves (Lair:3)
  4 centaurs
  4 slime creature simulacra (IceCv)
  8 kobold brigands
  5 bullfrogs
  4 scorpions
  5 glowing shapeshifter simulacra (IceCv)
  2 gnoll sergeants
  9 small abominations (Lair:5)
  4 wights (D:7)
  23 killer bees
  6 howler monkeys
  6 electric eels (Lair:3)
  5 lava snakes (Lair:3)
  11 orc priests
  5 hounds
  2 jellies
  2 gnoll boudas
  Ijyb (D:4)
  4 sleepcaps
  14 iguanas
  33 orc wizards
  2 shapeshifter simulacra (IceCv)
  Robin (D:3)
  10 adders
  17 gnolls
  A shadow imp (D:5)
  2 white imps
  6 worms
  2 dart slugs
  68 orcs
  4 bats
  6 endoplasms
  3 giant cockroaches
  17 goblins
  10 hobgoblins
  2 quokkas
  6 ball pythons
  13 frilled lizards
  17 kobolds
  A rat (shapeshifter) (Lair:5)
  8 rats
872 creatures vanquished.

Vanquished Creatures (others)
  A tengu warrior (D:15)
  An ugly thing (D:14)
  A guardian serpent (Snake:4)
  A meliai (D:14)
  A wyvern (Lair:5)
  2 iguanas (Lair:2)
  An orc wizard (Orc:2)
  2 orcs
  A frilled lizard (Lair:2)
11 creatures vanquished.

Grand Total: 883 creatures vanquished

Notes
Turn   | Place    | Note
-------+----------+-------------------------------------------
     0 | D:1      | MacCMillion the Armataur Fighter began the quest for the
                  | Orb.
     0 | D:1      | Reached XP level 1. HP: 19/19 MP: 1/1
   107 | D:1      | Reached XP level 2. HP: 26/26 MP: 2/2
   878 | D:2      | Found a broken altar of Ashenzari.
  1089 | D:2      | Identified the +0 pair of gloves "Qaqiusme" {Drain rPois
                  | Regen+ Str+7}
  1112 | D:2      | Reached XP level 3. HP: 32/32 MP: 3/3
  1532 | D:3      | Noticed Grinder
  1633 | D:3      | Found a runed translucent door.
  1634 | D:3      | Noticed Crazy Yiuf
  1668 | D:3      | Reached XP level 4. HP: 37/39 MP: 4/4
  1680 | D:3      | Noticed Robin
  1688 | D:3      | Killed Robin
  1837 | D:3      | Reached XP level 5. HP: 44/44 MP: 5/5
  2003 | D:3      | Killed Grinder
  2004 | D:3      | Reached skill level 5 in Maces & Flails
  2004 | D:3      | Reached XP level 6. HP: 32/53 MP: 6/6
  2153 | D:4      | Noticed Ijyb
  2177 | D:4      | Killed Ijyb
  2782 | D:4      | Identified the +1 ring mail of Undesirable Species
                  | {*Corrode Regen+ Str+8}
  2891 | D:4      | Reached XP level 7. HP: 57/59 MP: 7/7
  2954 | D:4      | Found Ylyussi's Assorted Antiques.
  2980 | D:4      | Bought a slimy jade ring for 135 gold pieces
  2980 | D:4      | Identified the ring of Propriety {Will+ MP+9 Dex+2} (You
                  | bought it in a shop on level 4 of the Dungeon)
  3174 | D:4      | Found a glowing golden altar of the Shining One.
  3174 | D:4      | Found an ornate altar of the Wu Jian Council.
  3182 | D:4      | Found a broken altar of Ashenzari.
  3184 | D:4      | Found a shadowy altar of Dithmenos.
  3186 | D:4      | Found a faded altar of an unknown god.
  3224 | D:5      | Entered Level 5 of the Dungeon
  3377 | D:5      | Reached XP level 8. HP: 66/66 MP: 8/8
  3644 | D:5      | Found a basalt altar of Yredelemnul.
  4171 | D:6      | Identified the ring of Miracles {Str-4 Int+3 Dex+6 SInv}
  4180 | D:6      | Found Ypoblo's Distillery.
  4262 | D:6      | Reached skill level 10 in Maces & Flails
  4364 | D:6      | Found a blossoming altar of Fedhas.
  4384 | D:6      | Reached skill level 4 in Armour
  4434 | D:6      | Noticed a moth of wrath
  4437 | D:6      | Found a bloodstained altar of Trog.
  4787 | D:7      | Reached XP level 9. HP: 73/74 MP: 9/9
  4830 | D:7      | Found a staircase to the Ecumenical Temple.
  4848 | Temple   | Entered the Ecumenical Temple
  4959 | Temple   | Became a worshipper of Ru the Awakened
  5008 | D:7      | Reached skill level 5 in Armour
  5254 | D:7      | Found a radiant altar of Vehumet.
  5723 | D:7      | Reached skill level 6 in Armour
  6264 | D:6      | Bought a potion of heal wounds for 60 gold pieces
  6264 | D:6      | Bought a potion of curing for 36 gold pieces
  6264 | D:6      | Bought a potion of berserk rage for 60 gold pieces
  6462 | D:8      | Reached skill level 5 in Fighting
  7129 | D:9      | Reached skill level 7 in Armour
  7398 | D:9      | Found an iron altar of Okawaru.
  7459 | D:9      | Gained mutation: You cannot study or use magical devices.
                  | [Ru sacrifice]
  7459 | D:9      | Reached * piety under Ru
  7459 | D:9      | Reached ** piety under Ru
  7565 | D:9      | Reached XP level 10. HP: 88/88 MP: 10/10
  7810 | D:9      | Found Macenuv's General Store.
  7823 | D:9      | Identified a scroll of acquirement
  7824 | D:9      | Acquired the +11 morningstar "Orhaq" {heavy, Fragile Will+
                  | Int+4}
  8068 | D:10     | Entered Level 10 of the Dungeon
  8130 | D:10     | Reached skill level 8 in Armour
  8257 | D:10     | Found a staircase to the Orcish Mines.
  8261 | D:10     | Got Vehumet's Writings on Bruises
  8371 | D:10     | Reached skill level 9 in Armour
  8850 | D:10     | Identified the amulet "Weku" {Acrobat Stlth+}
  8884 | D:11     | Noticed a brown ugly thing
  8887 | D:11     | Killed a brown ugly thing
  9158 | D:11     | Identified the +1 robe "Podah" {Str-3 Int+7}
  9202 | D:11     | Reached XP level 11. HP: 98/98 MP: 11/11
  9208 | D:11     | Reached skill level 10 in Armour
  9914 | D:11     | Noticed a boulder beetle
  9918 | D:11     | Killed a boulder beetle
 10082 | D:11     | Found a staircase to the Lair.
 10325 | Lair:1   | Entered Level 1 of the Lair of Beasts
 10453 | Lair:1   | Reached skill level 1 in Dodging
 10786 | Lair:1   | Identified the +5 scale mail of the Moon {Will+ Str+2}
 10797 | Lair:1   | Found the amulet of the Air {Inacc Air Fly rElec RMsl}
 11501 | Lair:2   | Found a staircase to the Snake Pit.
 11525 | Lair:2   | Reached XP level 12. HP: 89/112 MP: 12/12
 11603 | Lair:2   | Noticed a catoblepas
 11618 | Lair:2   | Killed a catoblepas
 11826 | Lair:2   | Found a staircase to the Shoals.
 11861 | Lair:2   | Reached skill level 10 in Fighting
 12036 | Lair:2   | Reached skill level 5 in Dodging
 12474 | Lair:3   | Noticed Urug
 12479 | Lair:3   | Killed Urug
 12668 | Lair:3   | Found a dark tunnel.
 12750 | Volcano  | Entered a volcano
 12971 | Volcano  | Reached skill level 15 in Maces & Flails
 12971 | Volcano  | Reached XP level 13. HP: 92/120 MP: 13/13
 13119 | Volcano  | Noticed a fire dragon
 13126 | Volcano  | Killed a fire dragon
 13683 | Lair:3   | Found a runed translucent door.
 14317 | Lair:3   | Reached skill level 1 in Throwing
 14493 | Lair:4   | Found a staircase to the Slime Pits.
 14493 | Lair:4   | Found a viscous altar of Jiyva.
 14824 | Lair:4   | Found a frozen archway.
 14838 | IceCv    | Entered an ice cave
 14961 | IceCv    | Reached skill level 11 in Armour
 15062 | IceCv    | Gained mutation: You are clumsy. (Dex -2) [Ru sacrifice]
 15062 | IceCv    | Reached *** piety under Ru
 15402 | IceCv    | Noticed a quicksilver ooze
 15463 | IceCv    | Killed a quicksilver ooze
 16137 | IceCv    | Found a viscous altar of Jiyva.
 16137 | IceCv    | Noticed an azure jelly
 16151 | IceCv    | Killed an azure jelly
 16224 | IceCv    | Got the ring of Zyxe {rC+ Str+5}
 16548 | Lair:4   | You fall into a shaft and drop 1 floor!
 16548 | Lair:5   | Entered Level 5 of the Lair of Beasts
 16554 | Lair:5   | Reached XP level 14. HP: 132/132 MP: 14/14
 16927 | Lair:4   | Reached skill level 5 in Throwing
 16928 | Lair:4   | Reached skill level 12 in Armour
 17224 | Lair:5   | Found a corrupted altar of Lugonu.
 17381 | Lair:5   | Acquired 1102 gold pieces
 17678 | Lair:5   | Reached skill level 13 in Armour
 18162 | Lair:5   | Gained mutation: You cannot study or cast Air magic. [Ru
                  | sacrifice]
 18162 | Lair:5   | Gained mutation: You cannot study or cast Hexes magic. [Ru
                  | sacrifice]
 18162 | Lair:5   | Gained mutation: You cannot study or cast Necromancy magic.
                  | [Ru sacrifice]
 18162 | Lair:5   | Reached **** piety under Ru
 18257 | Lair:5   | Found a one-way gate to the infinite horrors of the Abyss.
 18758 | Orc:1    | Entered Level 1 of the Orcish Mines
 19186 | Orc:2    | Entered Level 2 of the Orcish Mines
 19340 | Orc:2    | Found a staircase to the Elven Halls.
 19364 | Orc:2    | Noticed an orc warlord
 19402 | Orc:2    | Killed an orc warlord
 19977 | Orc:2    | Reached XP level 15. HP: 143/143 MP: 15/15
 19983 | Orc:2    | Found Poboon's Book Shoppe.
 20002 | Orc:2    | Found an ancient bone altar of Kikubaaqudgha.
 20008 | Orc:2    | Found Xilunu's Distillery.
 20157 | Orc:2    | Noticed Erolcha
 20162 | Orc:2    | Killed Erolcha
 20163 | Orc:2    | Found a radiant altar of Vehumet.
 20167 | Orc:2    | Reached skill level 14 in Armour
 20195 | Orc:2    | Found Deheara's Antique Weapon Emporium.
 20215 | Orc:2    | Found Weestrow's Antique Armour Shoppe.
 20240 | Orc:2    | Bought a brightly glowing plate armour for 924 gold pieces
 20240 | Orc:2    | Identified the +0 plate armour of the Apothecary {+Inv
                  | Str+6 Int-3 Slay-5} (You bought it in a shop on level 2 of
                  | the Orcish Mines)
 20240 | Orc:2    | Bought a runed helmet for 247 gold pieces
 21532 | D:12     | Identified the +8 flail "Weiche" {antimagic, rElec rF+}
 21754 | D:13     | Gained mutation: You cannot be stealthy. [Ru sacrifice]
 22375 | D:13     | Found a gate to the Vaults.
 22395 | D:14     | Found a transporter.
 22395 | D:14     | Found a transporter.
 22485 | D:14     | Noticed Louise
 22505 | D:14     | Killed Louise
 22529 | D:14     | Found a transporter.
 22531 | D:14     | Found a transporter.
 23201 | D:14     | Found a transporter.
 23205 | D:14     | Found a transporter.
 23392 | D:15     | Entered Level 15 of the Dungeon
 23531 | D:15     | Found an opulent altar of Gozag.
 23653 | D:15     | Reached skill level 15 in Armour
 24343 | D:15     | Found a staircase to the Depths.
 24534 | Snake:1  | Entered Level 1 of the Snake Pit
 24666 | Snake:1  | Reached XP level 16. HP: 149/154 MP: 16/16
 27179 | Snake:2  | Noticed Aizul
 27582 | Snake:2  | Reached skill level 10 in Throwing
 27636 | Snake:2  | Killed Aizul
 27702 | Snake:2  | Reached skill level 16 in Armour
 27730 | Snake:2  | Found a transporter.
 27734 | Snake:2  | Found a transporter.
 27738 | Snake:2  | Found a bloodstained altar of Trog.
 27738 | Snake:2  | Noticed Xitaol's ghost (adept SpEn)
 28303 | Snake:2  | You are sucked into a shaft and drop 1 floor!
 28322 | Snake:3  | Noticed Donald
 28328 | Snake:3  | Killed Donald
 28910 | Snake:3  | Found a transporter.
 29060 | Snake:3  | Found a transporter.
 29108 | Snake:3  | Reached skill level 5 in Shields
 29684 | Snake:4  | Entered Level 4 of the Snake Pit
 29911 | Snake:4  | Reached skill level 17 in Armour
 29911 | Snake:4  | Reached XP level 17. HP: 144/164 MP: 17/17
 30573 | Snake:4  | Noticed a quicksilver dragon
 30627 | Snake:4  | Killed a quicksilver dragon
 30703 | Snake:4  | Noticed a quicksilver dragon
 30703 | Snake:4  | Noticed Vashnia
 30722 | Snake:3  | Killed a quicksilver dragon
 31530 | Snake:4  | Shot with a bolt by a naga sharpshooter

Illustrated notes

Levels and vault maps discovered:
D:1:      lightli_arrival_chessboard, layout_loops_cross
D:2:      layout_loops_ring, basic_altar, serial_bayou_lagoon_a
D:3:      layout_loops_ring, chequers_serial_rivers_micro_a,
          uniq_crazy_yiuf_cottage, uniq_robin, uniq_grinder
D:4:      layout_loops_cross, chequers_temple_overflow_minitemple,
          serial_rivers, chequers_serial_rivers_large_a,
          chequers_serial_rivers_micro_c, chequers_serial_rivers_small_b,
          chequers_serial_rivers_micro_a, chequers_serial_rivers_small_a,
          serial_shops, nicolae_shop_temple_entry_statues_fountains, uniq_ijyb
D:5:      layout_basic, old_standard_altar, minmay_checkerbox
D:6:      layout_rooms, tgw_trog, kennysheep_mini_moat, serial_shops,
          nicolae_shop_waterfront
D:7:      layout_basic, nicolae_vehumet_radiance, minmay_temple_entry_slanted,
          nicolae_elevator_lobby_asterisk
D:8:      layout_basic
D:9:      nicolae_cairo_tiling_large, layout_basic, okawaru_altar_gauntlet_db,
          serial_shops, nicolae_shop_tiny_waterfront
D:10:     layout_basic, david_orc_3
D:11:     hellmonk_crumbling_castle, layout_gridville, lair_entry_dummy,
          chequers_serial_rivers_room_b
D:12:     layout_cave_pools, kennysheep_nondescript
D:13:     layout_cave_pools, david_vaults_2
D:14:     layout_long_grid, nicolae_sextant, serial_nicolae_subway,
          nicolae_sub_station_stone, nicolae_sub_station_crystal,
          nicolae_sub_station_metal, uniq_louise
D:15:     grunt_enter_depths_magical_seal, layout_loops_ring,
          grunt_gozag_statues
Temple:   dshaligram_water_room_temple
Lair:1:   layout_chaotic_city
Lair:2:   lemuel_reptile_caves, layout_gridlike, minmay_shoals_entry_beasts,
          guppyfry_snake_entry_island
Lair:3:   gammafunk_lair_enchanted_lake, layout_chaotic_city,
          nicolae_volcano_entry_vermiform, nicolae_lair_liquid_snakes, uniq_urug
Lair:4:   layout_cave_pods, slime_entry_1, portal_ice_cave_rime,
          chequers_serial_rivers_room_b, grunt_megastairs_1
Lair:5:   hellmonk_lair_end_abyssal_woods, layout_cave_shapes,
          serial_bayou_pond_d, grunt_megastairs_5
Snake:1:  layout_basic
Snake:2:  layout_grid_maze, gammafunk_ghost_wrathful_warriors, uniq_aizul
Snake:3:  gammafunk_its_a_trap, layout_misc_corridors, uniq_donald
Snake:4:  hellmonk_snake_rune_quicksilver_temple, layout_misc_corridors,
          uniq_vashnia
Orc:1:    layout_caves
Orc:2:    kennysheep_orc_mage_school, layout_diamond_mine, special_room,
          basic_altar

Skill      XL: |  1  2  3  4  5  6  7  8  9 10 11 12 13 14 15 16 17 |
---------------+----------------------------------------------------+-----
Maces & Flails | 2 3 4 5 7 8 10 11 12 13 15 16 | 16.0
Shields        | 4 5 7 |  7.0
Fighting       | 3 5 7 9 10 11 12 13 14 | 14.9
Armour         | 4 7 9 10 11 13 15 17 | 17.3
Dodging        | 3 6 7 9 |  9.0
Throwing       | 4 7 9 10 | 10.0

Action                     |  1- 3 |  4- 6 |  7- 9 | 10-12 | 13-15 | 16-18 || total
---------------------------+-------+-------+-------+-------+-------+-------++-------
  Melee: Flail             |   100 |   122 |   308 |    26 |       |       ||   556
         Tailslap          |     6 |    20 |    41 |    56 |   115 |    53 ||   291
         Morningstar       |       |       |       |   338 |   808 |   460 ||  1606
  Throw: Throwing net      |       |       |       |     1 |     1 |       ||     2
 Invoke: Sacrifice Artific |       |       |     1 |       |       |       ||     1
         Reject Sacrifices |       |       |       |     1 |     1 |     1 ||     3
         Sacrifice Purity  |       |       |       |       |     1 |       ||     1
         Sacrifice Arcana  |       |       |       |       |     1 |       ||     1
         Sacrifice Stealth |       |       |       |       |     1 |       ||     1
         Power Leap        |       |       |       |       |       |     1 ||     1
    Use: Scroll            |       |       |     1 |     6 |    22 |     6 ||    35
         Potion            |       |       |       |     1 |     4 |       ||     5
   Stab: Distracted        |       |       |       |     4 |       |       ||     4
         Held in net/web   |       |       |       |     1 |       |       ||     1
         Sleeping          |       |       |       |     2 |     1 |       ||     3
         Invisible         |       |       |       |       |       |     2 ||     2
 Armour: Scale mail        |    39 |    54 |       |       |   223 |   215 ||   531
         Ring mail         |       |     9 |   112 |   143 |   102 |       ||   366
  Dodge: Dodged            |    25 |    41 |   108 |   215 |   436 |   222 ||  1047
         Repelled          |       |       |       |       |       |    32 ||    32
  Block: Buckler           |    17 |    32 |    76 |    95 |   186 |   126 ||   532
